 Dungeon Sprint DCSS version 0.22.1-1-ga44c0e56f4 (webtiles) character file.

54 MuseOD the Sneak (level 3, -15/19 HPs)
             Began as a Spriggan Enchanter on Sept 23, 2018.
             Demolished by Crazy Yiuf
             ... wielding a +3 quarterstaff of chaos
              (24 damage)
             ... in the Dungeon (Sprint III: "The Ten Rune Challenge").
             The game lasted 00:00:24 (66 turns).

MuseOD the Sneak (Spriggan Enchanter)                 Turns: 66, Time: 00:00:24

Health: -15/19     AC:  2    Str:  4    XL:     3   Next: 66%
Magic:  8/8        EV: 18    Int: 17    God:
Gold:   0          SH:  0    Dex: 16    Spells: 1/7 levels left

rFire    . . .     SeeInvis +   a - +1 dagger
rCold    . . .     Gourm    .   (shield restricted)
rNeg     . . .     Faith    .   b - +0 robe
rPois    .         Spirit   .   (helmet restricted)
rElec    .         Reflect  .   (no cloak)
rCorr    .         Harm     .   (gloves unavailable)
MR       .....     NoTele   +   (boots unavailable)
Stlth    ++++......             (no amulet)
HPRegen  0.06/turn              (no ring)
MPRegen  0.11/turn              (no ring)

@: very quick
A: very small, unfitting armour, see invisible, herbivore, speed 3, slow
metabolism 2
a: no special abilities


You were in the Dungeon.
You were not hungry.

You visited 1 branch

Inventory:

Hand Weapons
 a - a +1 dagger (weapon)
Armour
 b - a +0 robe (worn)
Wands
 c - a wand of polymorph (10)
Scrolls
 j - 2 scrolls of blinking
Potions
 e - a potion of curing
 f - a potion of heal wounds
 g - a potion of haste
 h - 2 potions of magic
 i - a potion of berserk rage
Comestibles
 d - a ration


   Skills:
 + Level 2.7 Fighting
 * Level 5.6 Short Blades
 - Level 3.0 Dodging
 + Level 7.2 Stealth
 - Level 2.6 Spellcasting
 - Level 3.6 Hexes


You had one spell level left.
You knew the following spells:

 Your Spells              Type           Power        Failure   Level  Hunger
a - Corona                Hex            ##.....      4%          1    #......
b - Ensorcelled Hibernat  Hex/Ice        #.....       13%         2    ##.....
c - Confuse               Hex            ##......     12%         3    ###....

Your spell library contained the following spells:

 Spells                   Type           Power        Failure   Level  Hunger
 Tukima's Dance           Hex            ##......     12%         3    ###....
 Dazzling Spray           Conj/Hex       #.....       26%         3    ###....


Dungeon Overview and Level Annotations

Branches:
Dungeon (1/1)

Altars:

Annotations:
D Crazy Yiuf


Innate Abilities, Weirdness & Mutations

You are very small and have problems with some larger weapons.
You are too small for most types of armour.
You have supernaturally acute eyesight. (SInv)
You are a herbivore.
You cover ground extremely quickly.
You need to consume almost no food.


Message History

Okay, then.
c - a wand of polymorph (10)
You see here a robe.
You open the door.
There is an open door here.
A human comes into view.
The helpless human fails to defend itself.
You spit the human like a pig!!!
You kill the human!
Your Stealth skill increases to level 7!
Unknown command.
Crazy Yiuf the Enlightened comes into view.
He is wielding a quarterstaff of Crazy Yiuf shouts!
Crazy Yiuf completely misses you.
You hit Crazy Yiuf but do no damage.
Crazy Yiuf hits you with a quarterstaff of chaos!
Ouch! That really hurt!
Space warps horribly around you!
Ouch! That really hurt!
You die...

▓▓▓▓ ▓▓▓▓▓▓ ▓<.#
+....♣ ▓..#
#..g.♣♣♣
▓#'####.@....♣
▓.....#....≈♣♣♣♣♣.#
▓.....#...≈≈♣.♣.♣.#
▓.....#..≈≈≈≈..♣♣.+
▓####'#..≈≈≈≈≈≈♣..#
▓(....#.≈≈≈≈≈≈....#
▓.[.†.#.≈≈≈≈≈.....#
▓.....#.≈≈≈....†..#
▓'#####...........#


You could see Crazy Yiuf.

Vanquished Creatures
  Jessica (D)
  A human (D)
  2 oozes (D)
  A rat (D)
5 creatures vanquished.

Notes
Turn   | Place    | Note
-------+----------+-------------------------------------------
     0 | D        | MuseOD the Spriggan Enchanter began the quest for the Orb.
     0 | D        | Reached XP level 1. HP: 9/9 MP: 5/5
     4 | D        | Reached skill level 1 in Fighting
     4 | D        | Reached skill level 5 in Stealth
    11 | D        | Reached XP level 2. HP: 14/14 MP: 6/6
    15 | D        | Learned a level 2 spell: Ensorcelled Hibernation
    22 | D        | Noticed Jessica
    27 | D        | Killed Jessica
    27 | D        | Reached skill level 5 in Short Blades
    27 | D        | Reached skill level 6 in Stealth
    27 | D        | Reached XP level 3. HP: 19/19 MP: 8/8
    32 | D        | Learned a level 3 spell: Confuse
    51 | D        | Reached skill level 7 in Stealth
    59 | D        | Noticed Crazy Yiuf
    66 | D        | Demolished by Crazy Yiuf

Skill      XL: |  1  2  3 |
---------------+----------+-----
Fighting       | 1 2 |  2.7
Short Blades   | 3 5 |  5.6
Stealth        | 5 6 7 |  7.2
Dodging        | |  3.0
Spellcasting   | |  2.6
Hexes          | |  3.6

Action                   || total
-------------------------++-------
Melee: Dagger            ||    12
 Stab: Sleeping          ||     4
Dodge: Dodged            ||     6
